 Dungeon Crawl Stone Soup version 0.26-b1-32-g5d43845318 (webtiles) character file.

Game seed: 8045010353270672082

74 funkygono the Firebug (level 4, 0/30 HPs)
             Began as a Demonspawn Fire Elementalist on Jan 10, 2021.
             Slain by Crazy Yiuf
             ... wielding a +4 quarterstaff of chaos
              (1 damage)
             ... on level 2 of the Dungeon.
             The game lasted 00:05:50 (2319 turns).

funkygono the Firebug (DsFE)                        Turns: 2319, Time: 00:05:52

Health: 0/30       AC:  3    Str:  9    XL:     4   Next: 9%
Magic:  5/7        EV: 14    Int: 17    God:
Gold:   48         SH:  0    Dex: 13    Spells: 6/7 levels left

rFire    . . .     SeeInvis .   g - +0 mace
rCold    . . .     Faith    .   (no shield)
rNeg     . . .     Spirit   .   a - +1 robe
rPois    .         Reflect  .   (no helmet)
rElec    .         Harm     .   (no cloak)
rCorr    .         Rampage  .   (no gloves)
Will     .....                  (no boots)
Stlth    ++........             (no amulet)
HPRegen  0.10/turn              (no ring)
MPRegen  0.10/turn              (no ring)

@: lethally poisoned (0 -> -8)
A: repulsion field 1, miasma immunity
a: no special abilities


You were on level 2 of the Dungeon.
You visited 1 branch of the dungeon, and saw 2 of its levels.

You collected 48 gold pieces.

Inventory:

Hand Weapons
 g - a +0 mace (weapon)
Missiles
 d - 54 stones
Armour
 a - a +1 robe (worn)
Potions
 e - 2 potions of heal wounds
 i - 2 potions of curing {unknown}
 j - a potion of flight {unknown}
 l - a potion of resistance {unknown}


   Skills:
 + Level 0.1 Maces & Flails
 + Level 1.8 Dodging
 + Level 2.1 Stealth
 + Level 2.1 Spellcasting
 * Level 2.2 Conjurations
 * Level 3.7 Fire Magic


You had 6 spell levels left.
You knew the following spells:

 Your Spells              Type           Power        Failure   Level
a - Foxfire               Conj/Fire      48%          5%          1

Your spell library contained the following spells:

 Spells                   Type           Power        Failure   Level
 Conjure Flame            Conj/Fire      12%          17%         3
 Inner Flame              Hex/Fire       8%           26%         3
 Sticky Flame             Conj/Fire      12%          50%         4
 Fireball                 Conj/Fire      6%           83%         5


Dungeon Overview and Level Annotations

Branches:
Dungeon (2/15)

Altars:
Okawaru

Annotations:
D:2 Crazy Yiuf


Innate Abilities, Weirdness & Mutations

You are surrounded by a mild repulsion field. (EV +2)
You are immune to miasma.


Message History

Crazy Yiuf closely misses you.
You barely miss Crazy Yiuf.
Crazy Yiuf is heavily wounded.
Crazy Yiuf barely misses you.
You hit Crazy Yiuf.
Crazy Yiuf is severely wounded.
Crazy Yiuf closely misses you.
You barely miss Crazy Yiuf.
Crazy Yiuf is severely wounded.
Crazy Yiuf misses you.
Crazy Yiuf hits you with a +4 quarterstaff of chaos!
You are poisoned.
You barely miss Crazy Yiuf.
Crazy Yiuf is severely wounded.
You feel sick.
Crazy Yiuf laughs, "Key shoe sanguine!"
Crazy Yiuf hits you with a +4 quarterstaff of chaos!
* * * LOW HITPOINT WARNING * * *
You convulse.
You die...

#.##...####....####.#
##.###)....#.#.....#.#
#......>##.........#.#
####################.#
#....# #.#### ###
♣♣####.# #)..#♣♣
♣♣......#
#...g@♣♣♣♣......##
#...#♣..♣......## ###
♣♣♣.♣....## ♣♣♣♣♣###


You could see Crazy Yiuf (strong).

Vanquished Creatures
  A gnoll (D:2)
  An adder (D:2)
  2 dart slugs (D:1)
  5 bats
  2 giant cockroaches (D:1)
  6 goblins
  5 hobgoblins
  5 jackals (D:1)
  4 ball pythons
  4 frilled lizards
  9 kobolds
  5 rats
49 creatures vanquished.

Vanquished Creatures (collateral kills)
  A foxfire (D:1)
1 creature vanquished.

Vanquished Creatures (others)
  128 foxfires
  21 plants (D:1)
149 creatures vanquished.

Grand Total: 199 creatures vanquished

Notes
Turn   | Place    | Note
-------+----------+-------------------------------------------
     0 | D:1      | funkygono the Demonspawn Fire Elementalist began the quest
                  | for the Orb.
     0 | D:1      | Reached XP level 1. HP: 13/13 MP: 3/3
   130 | D:1      | Reached skill level 3 in Fire Magic
   204 | D:1      | Gained mutation: You are surrounded by a mild repulsion
                  | field. (EV +2) [demonic ancestry]
   204 | D:1      | Reached XP level 2. HP: 19/19 MP: 0/5
  1037 | D:1      | Gained mutation: You are immune to miasma. [demonic
                  | ancestry]
  1037 | D:1      | Reached XP level 3. HP: 24/24 MP: 4/6
  1967 | D:2      | Reached XP level 4. HP: 21/30 MP: 5/7
  2199 | D:2      | Found an iron altar of Okawaru.
  2304 | D:2      | Found a runed translucent door.
  2305 | D:2      | Noticed Crazy Yiuf
  2319 | D:2      | HP: 1/30 [Crazy Yiuf/+4 quarterstaff of chaos (13)]
  2319 | D:2      | Slain by Crazy Yiuf

Illustrated notes

Levels and vault maps discovered:
D:1:      dpeg_arrival_rhombus, layout_basic, wad_woods_river_04,
          serial_bayou_ford_a
D:2:      layout_basic, okawaru_altar_gauntlet_db, uniq_robin,
          uniq_crazy_yiuf_cottage

Skill      XL: |  1  2  3 |
---------------+----------+-----
Fire Magic     | 3 |  3.7
Conjurations   | 2 |  2.2
Stealth        | 2 |  2.1
Maces & Flails | |  0.1
Dodging        | |  1.8
Spellcasting   | |  2.1

Action                   |  1- 3 |  4- 6 || total
-------------------------+-------+-------++-------
Melee: Unarmed           |     2 |       ||     2
       Mace              |    73 |    15 ||    88
 Cast: Foxfire           |    75 |     7 ||    82
  Use: Scroll            |     5 |       ||     5
Armor: Robe              |     6 |     2 ||     8
Dodge: Dodged            |    29 |    19 ||    48
